 Dungeon Crawl Stone Soup version 0.31-a0-161-gb58dd9be76 (webtiles) character file.

Game seed: 569234921222397483

53 qw the Shooter (level 3, 0/32 HPs)
             Began as a Naga Hunter on June 12, 2023.
             Slain by an adder (4 damage)
             ... on level 2 of the Dungeon.
             The game lasted 00:00:28 (775 turns).

qw the Shooter (Naga Hunter)                         Turns: 775, Time: 00:00:29

Health: 0/32       AC:  2    Str: 13    XL:     3   Next: 87%
Magic:  3/3        EV:  9    Int:  9    God:
Gold:   54         SH:  0    Dex: 16    Spells: 2/2 levels left

rFire   + . .        Y - +0 shortbow
rCold   + . .        (shield currently unavailable)
rNeg    . . .        c - +0 leather armour
rPois   +            (no helmet)
rElec   .            k - scarf {rC+ rF+}
rCorr   .            (no gloves)
SInv    +            (no barding)
Will    .....        (no amulet)
Stlth   ++           (no ring)
HPRegen 0.25/turn    (no ring)
MPRegen 0.08/turn

%: no passive effects
@: very slow
A: AC +1, large, see invisible, deformed body, poison resistance, slowness 2,
spit poison 1, naga tail 1
a: Spit Poison


You were on level 2 of the Dungeon.
You visited 1 branch of the dungeon, and saw 2 of its levels.

You collected 54 gold pieces.


Innate Abilities, Weirdness & Mutations

Your serpentine skin is tough. (AC +1)
You have supernaturally acute eyesight. (SInv)
Armour fits poorly on your strangely shaped body.
Your system is resistant to poisons. (rPois)
You cover ground very slowly.
You can spit poison.
You have a snake-like lower body.


   Skills:
 - Level 2.0 Fighting
 + Level 4.9 Ranged Weapons
 - Level 1.5 Dodging
 - Level 1.5 Stealth


You had 2 spell levels left.
You didn't know any spells.
Your spell library was empty.

Inventory:

Hand Weapons
 Y - a +0 shortbow (weapon)
Armour
 c - a +0 leather armour (worn)
 k - a scarf of resistance (worn)
Jewellery
 a - the amulet "Namau" {Spirit -Tele Str+8 Int+3 SInv}
   (You acquired it on level 1 of the Dungeon)

   [amulet of guardian spirit]

   It causes incoming damage to be divided between your reserves of health and
   magic.
   Str:       It affects your strength (+8).
   Int:       It affects your intelligence (+3).
   SInv:      It lets you see invisible.
   -Tele:     It prevents most forms of teleportation.
Potions
 e - a potion of cancellation {unknown}

Dungeon Overview and Level Annotations

Branches:
Dungeon (2/15)

Altars:


Message History

The adder bites you.
You shoot an arrow. The arrow completely misses the adder.
The arrow barely misses the adder.
The adder closely misses you.
You shoot an arrow. The arrow hits the adder.
The adder is heavily wounded.
You have got your breath back.
The adder bites you but does no damage. x2
769 ||| INVOKING Spit Poison.
Aiming: Spit Poison (2% risk of failure)
Press: ? - help, Shift-Dir - straight line, f/p - adder The splash of poison hits the adder.
The adder is poisoned.
The adder is severely wounded.
The adder bites you. The adder barely misses you. x2
You shoot an arrow. The arrow hits the adder.
You kill the adder!
The adder bites you. The rat bites you but does no damage.
You shoot an arrow. The arrow misses the adder.
You have got your breath back.
The adder bites you.
You are poisoned.
The adder poisons you! The rat bites you. The adder bites you.
772 ||| INVOKING Spit Poison.
Aiming: Spit Poison (2% risk of failure)
Press: ? - help, Shift-Dir - straight line, f/p - adder The splash of poison hits the adder.
The adder is lightly wounded.
You feel sick. The adder bites you. The rat closely misses you.
You shoot an arrow. The arrow hits the adder!
The adder is almost dead.
You feel sick. The adder barely misses you. The rat misses you.
The adder bites you but does no damage.
You shoot an arrow. The arrow barely misses the adder.
You feel sick. The rat closely misses you. The adder bites you.
You shoot an arrow. The arrow completely misses the adder.
You have got your breath back.
You feel sick.
You are no longer poisoned.
The adder bites you.
You die...

. . ##. ..# #.#
###)###.#
####.r)S...#
##....#@######.#
...............#
....###.######## ..
#.# #.#
...####.###########..
............%<)....(#
...###........#####..
#........#####.#


You could see an adder and a rat.

Vanquished Creatures
  An adder (D:2)
  2 dart slugs (D:1)
  3 ball pythons (D:1)
  4 endoplasms (D:1)
  2 giant cockroaches
  A goblin (D:2)
  2 hobgoblins (D:1)
  A quokka (D:1)
  7 bats
  4 frilled lizards (D:1)
  5 kobolds
  9 rats
41 creatures vanquished.

Notes
Turn   | Place    | Note
-------+----------+-------------------------------------------
     0 | D:1      | qw the Naga Hunter began the quest for the Orb.
     0 | D:1      | Reached XP level 1. HP: 19/19 MP: 1/1
     0 | D:1      | 0 ||| qw: Version: 0.2-a-29-gc1b59c4
     0 | D:1      | 0 ||| qw: Game counter: 4292
     0 | D:1      | 0 ||| qw: Always use a shield: true
     0 | D:1      | 0 ||| qw: God list: Okawaru
     0 | D:1      | 0 ||| qw: Allow faded altars: false
     0 | D:1      | 0 ||| qw: Do Orc after D:15 true
     0 | D:1      | 0 ||| qw: Do second Lair branch before Depths: true
     0 | D:1      | 0 ||| qw: Lair rune preference: random
     0 | D:1      | 0 ||| qw: Plans: Normal
     0 | D:1      | 0 ||| PLANNING D:1-11
    19 | D:1      | 19 ||| INVOKING Spit Poison.
    61 | D:1      | 61 ||| INVOKING Spit Poison.
    80 | D:1      | 80 ||| INVOKING Spit Poison.
    92 | D:1      | Reached skill level 4 in Ranged Weapons
    92 | D:1      | Reached XP level 2. HP: 26/26 MP: 2/2
    94 | D:1      | 94 ||| INVOKING Spit Poison.
   114 | D:1      | 114 ||| INVOKING Spit Poison.
   120 | D:1      | 120 ||| INVOKING Spit Poison.
   125 | D:1      | 125 ||| INVOKING Spit Poison.
   131 | D:1      | 131 ||| INVOKING Spit Poison.
   136 | D:1      | 136 ||| INVOKING Spit Poison.
   141 | D:1      | 141 ||| INVOKING Spit Poison.
   142 | D:1      | 142 ||| INVOKING Spit Poison.
   219 | D:1      | 219 ||| INVOKING Spit Poison.
   237 | D:1      | 237 ||| INVOKING Spit Poison.
   240 | D:1      | 240 ||| INVOKING Spit Poison.
   244 | D:1      | 244 ||| INVOKING Spit Poison.
   248 | D:1      | 248 ||| INVOKING Spit Poison.
   251 | D:1      | Reached XP level 3. HP: 32/32 MP: 3/3
   253 | D:1      | 253 ||| INVOKING Spit Poison.
   269 | D:1      | 269 ||| INVOKING Spit Poison.
   292 | D:1      | 292 ||| INVOKING Spit Poison.
   298 | D:1      | 298 ||| INVOKING Spit Poison.
   319 | D:1      | 319 ||| INVOKING Spit Poison.
   329 | D:1      | 329 ||| INVOKING Spit Poison.
   623 | D:1      | 623 ||| UPGRADING to scarf of resistance.
   628 | D:1      | 628 ||| DROPPING +6 ring of intelligence.
   629 | D:1      | 629 ||| READING scroll labelled MADUIK QICVE.
   630 | D:1      | 630 ||| READING scroll labelled LEOXAY EQYUSO.
   634 | D:1      | 634 ||| READING scroll labelled XIKUKHL COIQIRY.
   635 | D:1      | 635 ||| READING scroll labelled JUDIKL PIAX.
   636 | D:1      | 636 ||| READING scroll labelled WIS MUFIONWEE.
   637 | D:1      | 637 ||| READING scroll labelled YTAUNTENAN.
   637 | D:1      | Identified a scroll of acquirement
   637 | D:1      | 637 ||| ACQUIRING amulet "Namau" {Spirit -Tele Str+8 Int+3
                  | SInv}
   637 | D:1      | Acquired the amulet "Namau" {Spirit -Tele Str+8 Int+3 SInv}
   639 | D:1      | 639 ||| READING scroll labelled ENYRCH XECS.
   640 | D:1      | 640 ||| DRINKING 2 clear potions.
   668 | D:1      | 668 ||| DROPPING scroll of butterflies.
   669 | D:1      | 669 ||| DROPPING potion of lignification.
   686 | D:2      | 686 ||| INVOKING Spit Poison.
   689 | D:2      | 689 ||| STAIRDANCE
   691 | D:1      | 691 ||| INVOKING Spit Poison.
   729 | D:2      | 729 ||| INVOKING Spit Poison.
   733 | D:2      | 733 ||| INVOKING Spit Poison.
   743 | D:2      | 743 ||| INVOKING Spit Poison.
   759 | D:2      | 759 ||| INVOKING Spit Poison.
   766 | D:2      | 766 ||| INVOKING Spit Poison.
   769 | D:2      | 769 ||| INVOKING Spit Poison.
   772 | D:2      | 772 ||| INVOKING Spit Poison.
   773 | D:2      | HP: 8/32 [poisoned by an adder]
   775 | D:2      | Slain by an adder

Levels and vault maps discovered:
D:1:      minmay_arrival_jagged, layout_basic, amcnicky_mini_pool_small,
          minmay_vboxes
D:2:      layout_rooms, hellmonk_ecumenical_altar_crossroads, basic_altar

Skill      XL: |  1 |
---------------+----+-----
Ranged Weapons | 4 |  4.9
Fighting       | |  2.0
Dodging        | |  1.5
Stealth        | |  1.5

Action                     || total
---------------------------++-------
   Fire: Shortbow          ||    82
Ability: Spit Poison       ||    30
    Use: Scroll            ||     7
         Potion            ||     1
 Armour: Leather armour    ||    15
  Dodge: Dodged            ||    27

Table legend:
 A = Non-vault XP
 B = Vault XP
 C = Vault XP percentage of total XP
 D = Non-vault monster count
 E = Vault monster count
 F = Vault count percentage of total count
                 A         B        C        D         E       F
            +---------+---------+-------+---------+---------+-------
      Total |      70 |       6 |   7.9 |      37 |       4 |   9.8
            +---------+---------+-------+---------+---------+-------
        D:1 |      46 |       6 |  11.5 |      29 |       4 |  12.1
        D:2 |      24 |       0 |   0.0 |       8 |       0 |   0.0
            +---------+---------+-------+---------+---------+-------
